Map: Overgrown Facility

Players

Michael - Winner!

  • Race: Zerg Zerg
  • League: Gold
  • Spawn Location: 1:00

MonstroTown - Winner!

  • Race: Terran Terran
  • Spawn Location: 3:00

mechanic

  • Race: Terran Terran
  • Spawn Location: 9:00

Sotong

  • Race: Protoss Protoss
  • Spawn Location: 7:00

VOD

Have the link to the VOD?

Description

Time

  • Played on: Sept. 29, 2018, 12:38 a.m.
  • Length: 6:25
Show
View Real Time Build Order
Export as new Build Order

Michael Zerg - Winner!

Build Orders: Hatch First 

Get SALT Encoding   

  12  0:01  Drone  
  13  0:08  Drone  
  14  0:17  Overlord  
  14  0:36  Drone x3  
  17  0:47  Drone  
  18  0:58  Hatchery  
  18  1:01  Drone  
  18  1:12  Extractor  
  18  1:17  Spawning Pool  
  16  1:21  Drone  
  16  1:24  Drone  
  18  1:29  Drone  
  19  1:40  Drone  
  20  1:51  Overlord  
  20  2:04  Queen  
  22  2:10  Queen  
  22  2:13  Zergling x2  
  22  2:14  Zergling x4  
  27  2:18  Metabolic Boost  
  27  2:38  Drone x4  
  31  2:48  Drone  
  32  2:57  Lair  
  32  3:00  Queen  
  34  3:07  Spore Crawler  
  29  4:03  Roach Warren  
  29  4:04  Extractor  
  29  4:05  Evolution Chamber  
  29  4:06  Drone  
  29  4:07  Drone x3  
  29  4:08  Spine Crawler  
  29  4:09  Drone x6  
  36  4:10  Drone  
  36  4:13  Overlord  
  36  4:14  Overlord  
  36  4:30  Hatchery  
  35  4:42  Roach  
  35  4:43  Roach x3  
  43  4:46  Roach  
  43  4:51  Drone x2  
  48  4:52  Drone  
  48  4:58  Drone x3  
  48  4:59  Drone  
  52  5:05  Spore Crawler  
  51  5:31  Drone  
  51  5:33  Overlord x3  
  51  5:34  Overlord  
  52  5:41  Queen x2  
  56  5:46  Overseer  
  56  5:47  Spore Crawler, Overseer  
Show
View Real Time Build Order
Export as new Build Order

MonstroTown Terran - Winner!

Build Orders: Reaper Expand 

Get SALT Encoding   

  12  0:01  SCV  
  13  0:13  SCV  
  14  0:19  Supply Depot  
  14  0:25  SCV  
  15  0:41  SCV  
  16  0:43  Barracks  
  16  0:48  Refinery  
  16  0:54  Refinery  
  16  0:56  SCV  
  17  1:16  SCV  
  18  1:31  Reaper  
  19  1:44  Command Center  
  19  2:01  Factory  
  19  2:16  Orbital Command  
  19  2:41  Barracks Tech Lab  
  18  3:01  SCV  
  18  3:02  Orbital Command  
  19  3:11  Barracks  
  19  3:16  Marine  
  22  3:30  Factory Reactor  
  20  3:34  SCV  
  20  3:36  Factory  
  21  3:53  Marauder  
  21  3:54  SCV x2  
  25  3:55  Supply Depot  
  25  4:01  Barracks Reactor  
  25  4:06  SCV  
  25  4:09  Hellion  
  30  4:10  Hellion  
  30  4:15  Marauder  
  32  4:19  SCV x2  
  34  4:31  SCV, Factory Tech Lab  
  35  4:32  Hellion  
  35  4:33  Hellion  
  35  4:36  SCV  
  40  4:43  SCV  
  41  4:47  Armory, Marine  
  41  4:48  Marine  
  43  4:54  Supply Depot  
  43  4:55  SCV x2  
  45  5:07  Supply Depot  
  45  5:08  SCV  
  46  5:16  Marauder, Siege Tank, SCV  
  46  5:20  Reaper  
  53  5:25  SCV  
  54  5:29  SCV, Marine  
  54  5:32  Supply Depot  
  56  5:37  Marauder, SCV  
  56  5:40  Hellbat  
  56  5:41  SCV, Hellbat  
  46  6:00  Engineering Bay  
  46  6:03  Marine x3  
Show
View Real Time Build Order
Export as new Build Order

mechanic Terran 

Build Orders: Banshee Rush 

Get SALT Encoding   

  12  0:01  SCV  
  13  0:13  SCV  
  14  0:22  Supply Depot  
  14  0:25  SCV  
  15  0:31  Refinery  
  15  0:44  SCV  
  15  0:47  Barracks  
  16  0:56  SCV  
  17  0:59  Refinery  
  17  1:08  SCV  
  18  1:20  SCV  
  19  1:41  Marine  
  19  1:44  Orbital Command  
  19  1:45  Factory  
  20  1:52  Supply Depot  
  20  2:28  SCV  
  21  2:30  Starport  
  21  2:34  Starport, Factory Tech Lab  
  21  2:37  Marine  
  22  2:58  SCV  
  23  3:10  SCV  
  23  3:12  Starport Tech Lab  
  24  3:16  Supply Depot  
  24  3:20  Banshee, Cloaking Field  
  27  3:27  Marine  
  27  3:32  SCV  
  29  3:37  Banshee  
  32  3:42  Supply Depot  
  32  3:45  SCV  
  33  3:54  Hyperflight Rotors  
  33  3:57  SCV  
  34  4:06  Banshee  
  38  4:10  Supply Depot, SCV  
  38  4:12  Marine  
  39  4:20  Engineering Bay  
  39  4:22  SCV  
  40  4:25  Banshee  
  40  4:30  Marine  
  44  4:35  SCV  
  45  4:41  Supply Depot  
  45  4:49  Banshee  
  45  4:52  Missile Turret  
  49  5:00  SCV  
  49  5:13  Command Center  
  49  5:17  SCV  
  50  5:29  SCV  
  50  5:31  Factory Tech Lab  
  50  5:32  Banshee x2  
  57  5:41  SCV  
Show
View Real Time Build Order
Export as new Build Order

Sotong Protoss 

Build Orders:  

Get SALT Encoding   

  12  0:00  Probe  
  13  0:13  Probe  
  14  0:20  Pylon  
  14  0:26  Probe  
  15  0:38  Probe  
  15  0:39  Gateway  
  16  0:46  Probe  
  16  0:51  Assimilator  
  16  0:56  Probe  
  18  1:08  Probe  
  19  1:19  Probe  
  20  1:27  Cybernetics Core, Probe  
  21  1:33  Pylon  
  21  1:35  Assimilator, Probe  
  22  1:51  Zealot  
  24  2:04  Probe  
  24  2:06  Warp Gate  
  25  2:17  Twilight Council  
  24  2:30  Gateway  
  24  2:32  Gateway  
  24  2:37  Adept  
  24  2:42  Probe  
  27  2:53  Charge  
  27  3:05  Probe  
  28  3:08  Zealot  
  30  3:26  Pylon  
  30  3:28  Pylon  
  30  3:44  Adept x2  
  34  3:51  Probe  
  35  3:56  Robotics Facility  
  35  4:17  Gateway  
  35  4:20  Pylon  
  35  4:23  Probe  
  36  4:34  Warp Prism  
  36  4:42  Zealot x3  
  44  4:53  Probe  
  44  4:56  Templar Archives  
  45  5:05  Probe  
  45  5:06  Observer  
  47  5:22  Nexus  
  47  5:24  Pylon  
  47  5:32  Probe  
  48  5:44  Probe  
  49  5:57  Probe  
  50  6:06  Zealot x3  
  50  6:07  Zealot  
  50  6:09  Probe  
Tags
 
Add a new tag
Caveats
  • Supply blocks, unpowered buildings, or Contaminate may cause inaccurate times.
  • Supply counts are checked every 10 seconds.